 Dungeon Crawl Stone Soup version 0.18.1-48-g4cf74bf (webtiles) character file.

1946 tyranidshit the Skirmisher (level 8, -2/120 HPs)
             Began as a Deep Dwarf Necromancer on July 10, 2016.
             Was an Initiate of Makhleb.
             Slain by a killer bee (5 damage)
             ... in the Ecumenical Temple.
             The game lasted 00:32:50 (3958 turns).

tyranidshit the Skirmisher (Deep Dwarf Necromancer) Turns: 3958, Time: 00:32:51

Health: -2/120     AC:  8    Str: 16    XL:     8   Next: 98%
Magic:  4/15       EV: 12    Int: 17    God:    Makhleb [......]
Gold:   319        SH:  0    Dex: 13    Spells: 2 memorised, 17 levels left

rFire  . . .     SeeInvis +     g - +6 mace "Rucuilof" {holy, rN+ SInv}
rCold  . . .     Gourm    .     a - +1 robe
rNeg   + . .     Faith    .     (no shield)
rPois  .         Spirit   .     j - +0 helmet
rElec  .         Dismiss  .     d - +1 cloak
rCorr  +         Reflect  .     (no gloves)
SustAt .         Harm     .     f - +1 pair of boots "Hufaet" {rCorr Str-4 Stlth+}
MR     +....                    (no amulet)
Stlth  ..........               (no ring)
                                E - +2 ring of strength

@: berserking, lethally poisoned (-2 -> -24), non-regenerating, very quick,
somewhat resistant to hostile enchantments, extremely unstealthy
A: damage resistance, recharge devices, sense surroundings 1, slow regeneration
3
a: Device Recharging, Renounce Religion


You were in the Ecumenical Temple.
You worshipped Makhleb.
Makhleb was noncommittal.
You were not hungry.

You visited 2 branches of the dungeon, and saw 8 of its levels.

You collected 394 gold pieces.
You spent 75 gold pieces at shops.

Inventory:

Hand Weapons
 g - the +6 mace "Rucuilof" (weapon) {holy, rN+ SInv}
   (You found it on level 4 of the Dungeon)

   It has been blessed by the Shining One to cause great damage to the undead
   and demons.
   It protects you from negative energy.
   It lets you see invisible.
Missiles
 n - 2 silver tomahawks (quivered)
Armour
 a - a +1 robe (worn)
 d - a +1 cloak (worn)
 f - the +1 pair of boots "Hufaet" (worn) {rCorr Str-4 Stlth+}
   (You acquired it on level 6 of the Dungeon)

   It affects your strength (-4).
   It protects you from acid and corrosion.
   It makes you more stealthy.
 j - a +0 helmet (worn)
 m - a +0 chain mail
Magical Staves
 A - an uncursed staff of death
Jewellery
 e - a -2 ring of intelligence
 i - an uncursed ring of resist corrosion
 E - a +2 ring of strength (left hand)
Wands
 c - a wand of heal wounds (0/9)
 h - a wand of polymorph (9/24)
 o - a wand of polymorph (11/24)
 p - a wand of flame (34/48)
 x - a wand of paralysis (4/24)
Scrolls
 k - 3 scrolls of noise
 l - 3 scrolls of identify
 t - 3 scrolls of remove curse
 u - 2 scrolls of teleportation
 y - a scroll of immolation {unknown}
 D - a scroll of fog
Potions
 r - a potion of ambrosia {unknown}
 s - a potion of invisibility
 w - a potion of haste {unknown}
 C - a potion of might
 G - a potion of heal wounds {unknown}
Books
 b - a book of Necromancy

   Spells                             Type                      Level
   a - Pain                           Necromancy                   1
   b - Animate Skeleton               Necromancy                   1
   c - Vampiric Draining              Necromancy                   3
   d - Regeneration                   Charms/Necromancy            3
   e - Animate Dead                   Necromancy                   4
   f - Control Undead                 Necromancy                   4
Comestibles
 v - a bread ration
 B - a beef jerky


   Skills:
 + Level 7.5 Fighting
 - Level 2.1 Dodging
 - Level 2.4 Stealth
 + Level 7.1 Spellcasting
 - Level 4.3 Necromancy


You had 17 spell levels left.
You knew the following spells:

 Your Spells              Type           Power        Failure   Level  Hunger
a - Pain                  Necr           ###.         1%          1    None
b - Vampiric Draining     Necr           ###.......   8%          3    ##.....


Dungeon Overview and Level Annotations

Branches:
Dungeon (7/15)             Temple (1/1) D:7

Altars:
Ashenzari
Cheibriados
Elyvilon
Makhleb
Nemelex Xobeh
Okawaru
Pakellas
Sif Muna
Vehumet
Yredelemnul
Zin
The Shining One

Shops:
D:4 %   D:6 =

Annotations:
D:4 junkhipster's ghost, amateur GrFi


Innate Abilities, Weirdness & Mutations

You are resistant to damage.
You can recharge devices by infusing magical energy.
You passively map a small area around you.
You do not regenerate naturally.


Message History

The killer bee stings you!
* * * LOW HITPOINT WARNING * * *
The killer bee stings you. x2
* * * LOW HITPOINT WARNING * * *
You are more poisoned.
The killer bee poisons you! The killer bee closely misses you.
The killer bee stings you. The killer bee completely misses you.
You closely miss the killer bee.
* * * LOW HITPOINT WARNING * * *
You feel very sick. The killer bee closely misses you.
The killer bee stings you.
The killer bee stings you but does no damage.
The killer bee closely misses you. x2; The killer bee stings you.
You are more poisoned.
The killer bee poisons you!
You miss the killer bee.
* * * LOW HITPOINT WARNING * * *
You feel very sick. The killer bee stings you!
You die...

......_..............
_............._.......
......................
......................
,
.................._...
, ,
.....⌠...⌠............,
, ,
......................,
,,,
,.......y..............
..⌠...y@....⌠......._.
......†y†............ ,
, ....................
,.....⌠...⌠......... ,
.................. ,
,................. , ,
................ , ,
_............._, ,, ,,
_ , ,


You could see 3 killer bees.

Vanquished Creatures
  An ice beast (D:5)
  An orc warrior (D:6)
  2 sky beasts
  A black bear (D:4)
  3 ogres
  A phantom (D:5)
  A giant frog (D:7)
  2 scorpions
  2 killer bees (Temple)
  4 wights (D:6)
  2 giant frog zombies
  A crimson imp (D:5)
  2 giant frog skeletons
  2 hounds
  A centaur skeleton (D:4)
  2 orc priests (D:6)
  An orc wizard (D:6)
  2 iguanas (D:6)
  3 worker ants
  A hound zombie (D:5)
  A mummy (D:5)
  10 adders
  3 gnolls
  An ooze (D:3)
  An adder skeleton (D:4)
  2 worms
  3 dart slugs
  3 giant geckos
  17 orcs
  15 bats
  6 giant cockroaches
  12 goblins
  7 hobgoblins
  4 jackals
  2 kobolds
  6 quokkas
  A ball python (D:1)
  9 giant newts
  A jackal skeleton (D:6)
  6 rats
145 creatures vanquished.

Vanquished Creatures (others)
  A jelly (D:5)
1 creature vanquished.

Grand Total: 146 creatures vanquished

Notes
Turn   | Place    | Note
--------------------------------------------------------------
     0 | D:1      | tyranidshit the Deep Dwarf Necromancer began the quest for the Orb.
     0 | D:1      | Reached XP level 1. HP: 15/15 MP: 3/3
   260 | D:1      | Reached skill level 1 in Fighting
   260 | D:1      | Reached XP level 2. HP: 21/25 MP: 0/5
   782 | D:2      | Reached XP level 3. HP: 24/31 MP: 3/6
   808 | D:2      | Learned a level 3 spell: Vampiric Draining
   987 | D:2      | Reached XP level 4. HP: 28/39 MP: 0/8
  1623 | D:3      | Reached XP level 5. HP: 19/48 MP: 0/9
  1847 | D:4      | HP: 1/49 [gnoll/halberd (8)]
  1893 | D:4      | Got an iridescent mace
  1894 | D:4      | Identified the +6 mace "Rucuilof" {holy, rN+ SInv} (You found it on level 4 of the Dungeon)
  2021 | D:4      | Found Zuqosty's Food Boutique.
  2034 | D:4      | Reached XP level 6. HP: 18/57 MP: 0/11
  2198 | D:4      | Noticed junkhipster's ghost (amateur GrFi)
  2305 | D:4      | Reached XP level 7. HP: 19/66 MP: 3/12
  2329 | D:5      | Entered Level 5 of the Dungeon
  2361 | D:5      | HP: 1/66 [giant frog zombie (4)]
  2426 | D:5      | Reached skill level 5 in Fighting
  2493 | D:5      | Reached skill level 5 in Spellcasting
  2501 | D:5      | Found a glowing silver altar of Zin.
  2673 | D:5      | Found a snail-covered altar of Cheibriados.
  2720 | D:5      | Reached XP level 8. HP: 31/76 MP: 4/14
  2873 | D:5      | Found an oddly glowing altar of Pakellas.
  2873 | D:5      | Noticed an orange crystal statue
  3070 | D:6      | Found a sparkling altar of Nemelex Xobeh.
  3078 | D:6      | Found a radiant altar of Vehumet.
  3203 | D:6      | Found Mareir's Jewellery Emporium.
  3206 | D:6      | Bought a +2 ring of strength for 75 gold pieces
  3277 | D:6      | Found an oddly glowing altar of Pakellas.
  3679 | D:6      | Identified a scroll of acquirement
  3682 | D:6      | Got a pair of brightly glowing boots
  3688 | D:6      | Identified the +1 pair of boots "Hufaet" {rCorr Str-4 Stlth+} (You acquired it on level 6 of the Dungeon)
  3889 | D:7      | Found a staircase to the Ecumenical Temple.
  3921 | Temple   | Entered the Ecumenical Temple
  3929 | Temple   | Became a worshipper of Makhleb the Destroyer
  3957 | Temple   | HP: 6/120 [poisoned by a killer bee]
  3958 | Temple   | Slain by a killer bee

Skill      XL: |  1  2  3  4  5  6  7  8 |
---------------+-------------------------+-----
Spellcasting   | 2 3 4 5 7 |  7.1
Fighting       | 1 2 3 4 6 7 |  7.5
Dodging        | |  2.1
Stealth        | |  2.4
Necromancy     | |  4.3

Action                   |  1- 3 |  4- 6 |  7- 9 || total
-------------------------+-------+-------+-------++-------
Melee: Unarmed           |     6 |       |       ||     6
       Short sword       |    25 |       |       ||    25
       Spear             |    46 |   109 |       ||   155
       Mace              |       |    56 |   134 ||   190
 Cast: Pain              |    49 |    29 |     5 ||    83
       Vampiric Draining |     4 |    26 |    42 ||    72
 Abil: Device Recharging |       |     1 |     2 ||     3
Evoke: Wand              |       |     8 |    12 ||    20
  Use: Scroll            |     3 |     3 |     7 ||    13
       Potion            |     2 |     4 |     3 ||     9
 Stab: Sleeping          |       |     3 |       ||     3
       Paralysed         |       |       |     8 ||     8
  Eat: Bread ration      |     1 |     2 |     1 ||     4
       Fruit             |       |       |     2 ||     2
Armor: Robe              |    30 |    70 |    36 ||   136
Dodge: Dodged            |    79 |   207 |   125 ||   411
